 Dungeon Crawl Stone Soup version 0.17.1-2-g5865329 (webtiles) character file.

1554 seren the Conjurer (level 8, -31/44 HPs)
             Began as a Deep Elf Fire Elementalist on Feb 11, 2016.
             Was an Initiate of Vehumet.
             Annihilated by a very large slime creature (62 damage)
             ... on level 6 of the Dungeon on Feb 12, 2016.
             The game lasted 01:15:41 (10936 turns).

seren the Conjurer (Deep Elf Fire Elementalist)    Turns: 10936, Time: 01:15:42

Health: -31/44     AC:  9    Str:  5    XL:     8   Next: 57%
Magic:  13/19      EV: 13    Int: 23    God:    Vehumet [......]
Gold:   452        SH:  0    Dex: 15    Spells: 5 memorised, 5 levels left

rFire  . . .     SeeInvis .     z - +2 mace (protect)
rCold  . . .     Clarity  .     a - +0 robe
rNeg   . . .     SustAt   .     (no shield)
rPois  .         Gourm    .     o - +1 helmet
rElec  .         Spirit   .     (no cloak)
rCorr  .         Warding  .     (no gloves)
rMut   .         Stasis   .     (no boots)
MR     .....                    (no amulet)
Stlth  ++........               D - ring of flight
                                A - ring of wizardry

@: not resistant to hostile enchantments, unstealthy
A: no striking features
a: Renounce Religion, Evoke Flight


You were on level 6 of the Dungeon.
You worshipped Vehumet.
Vehumet was noncommittal.
You were very hungry.

You visited 2 branches of the dungeon, and saw 8 of its levels.

You collected 452 gold pieces.

Inventory:

Hand Weapons
 h - a +2 whip of venom
 z - a +2 mace of protection (weapon)
 B - a +2 dagger of pain
Armour
 a - a +0 robe (worn)
 o - a +1 helmet (worn)
Magical Staves
 K - an uncursed staff of cold
Jewellery
 f - an uncursed ring of ice
 y - an uncursed ring of ice
 A - a ring of wizardry (left hand)
 D - a ring of flight (right hand)
Wands
 C - a wand of slowing (8)
 E - a wand of frost (37)
 I - a wand of confusion (48)
Scrolls
 k - a scroll of magic mapping
 n - 5 scrolls of remove curse
 q - a scroll of recharging
 u - 2 scrolls of identify
 v - 3 scrolls of teleportation
Potions
 d - a potion of agility
 e - a potion of beneficial mutation {unknown}
 i - a potion of invisibility
 l - a potion of curing {unknown}
 m - a potion of brilliance {unknown}
 p - a potion of flight {unknown}
 r - 2 potions of lignification
 x - a potion of might {unknown}
 M - a potion of cancellation {unknown}
Books
 b - a book of Flames

   Spells                             Type                      Level
   a - Flame Tongue                   Conjuration/Fire             1
   b - Throw Flame                    Conjuration/Fire             2
   c - Conjure Flame                  Conjuration/Fire             3
   d - Inner Flame                    Hexes/Fire                   3
   e - Sticky Flame                   Conjuration/Fire             4
   f - Fireball                       Conjuration/Fire             5
 F - a book of Necromancy

   Spells                             Type                      Level
   a - Pain                           Necromancy                   1
   b - Animate Skeleton               Necromancy                   1
   c - Vampiric Draining              Necromancy                   3
   d - Regeneration                   Charms/Necromancy            3
   e - Animate Dead                   Necromancy                   4
   f - Control Undead                 Necromancy                   4
Comestibles
 c - 4 bread rations
 w - 6 meat rations
 J - 4 fruits


   Skills:
 + Level 1.7 Fighting
 + Level 3.4 Dodging
 - Level 2.4 Stealth
 + Level 6.6 Spellcasting
 * Level 7.5 Conjurations
 * Level 7.4 Fire Magic


You had 5 spell levels left.
You knew the following spells:

 Your Spells              Type           Power        Failure   Level  Hunger
a - Flame Tongue          Conj/Fire      #####        1%          1    None
b - Throw Flame           Conj/Fire      #####.       1%          2    None
c - Conjure Flame         Conj/Fire      #####...     1%          3    None
d - Sticky Flame          Conj/Fire      #####...     1%          4    ###....
f - Fireball              Conj/Fire      #####.....   4%          5    #####..


Dungeon Overview and Level Annotations

Branches:
Dungeon (7/15)             Temple (1/1) D:4

Altars:
Ashenzari
Cheibriados
Dithmenos
Elyvilon
Fedhas
Gozag
Kikubaaqudgha
Makhleb
Nemelex Xobeh
Okawaru
Qazlal
Ru
Sif Muna
Trog
Vehumet
Yredelemnul
Zin
The Shining One

Annotations:
D:4 exclusion: oklob plant


Message History

The very large slime creature burns!
The very large slime creature burns!
The very large slime creature burns!
The very large slime creature burns!
The very large slime creature burns!
The very large slime creature burns!
The very large slime creature burns!
The very large slime creature stops burning.
Casting: Sticky Flame
Confirm with . or Enter, or press ? or * to list all spells.
Aiming: Sticky Flame
Press: ? - help, Shift-Dir - straight line, f/p - very large slime creature
Aim: a very large slime creature (moderately wounded)
The sticky flame hits the very large slime creature.
The very large slime creature is moderately wounded.
The very large slime creature is covered in liquid flames!
The very large slime creature burns!
The very large slime creature hits you!!!
Ouch! That really hurt!
You die...

#.#
**##...#######.#
#.####.....##
*,* (......###.*
*,* ##..####*#.*
*,# ##.## *..*
*.# #..# *.#*
*#.# ##.###*,*
###..# #...#*,*
##...#* ###.#*,*
#.@#** *.#*,*
##J## *.#*,*
#..#
*.#*,*###.##
*.#*,*#...#
*..,,*#.###
*##***#.# # #.#
##### #####.#


You could see a very large slime creature (burning).

Vanquished Creatures
  The ghost of Juudaz the Skirmisher, an amateur DsAK of Lugonu (D:4)
  An orc warrior (D:4)
  2 phantoms (D:4)
  A scorpion (D:6)
  A jelly (D:6)
  2 orc priests
  Ijyb (D:3)
  4 hounds
  3 iguanas
  8 orc wizards
  2 centaur skeletons
  5 worker ants
  9 gnolls
  11 adders
  An adder skeleton (D:4)
  A worm (D:2)
  26 orcs
  5 bats
  6 giant cockroaches
  12 hobgoblins
  5 jackals
  2 quokkas
  5 ball pythons
  A ball python skeleton (D:5)
  3 giant geckos
  6 giant newts
  16 goblins
  13 kobolds
  A quokka skeleton (D:6)
  6 rats
  2 fungi (D:2)
162 creatures vanquished.

Vanquished Creatures (others)
  4 fungi (D:2)
4 creatures vanquished.

Grand Total: 166 creatures vanquished

Notes
Turn   | Place    | Note
--------------------------------------------------------------
     0 | D:1      | seren the Deep Elf Fire Elementalist began the quest for the Orb.
     0 | D:1      | Reached XP level 1. HP: 10/10 MP: 6/6
   295 | D:2      | Found a glowing silver altar of Zin.
   375 | D:1      | Reached XP level 2. HP: 15/15 MP: 6/8
  1054 | D:2      | Reached skill level 4 in Fire Magic
  1322 | D:2      | Reached XP level 3. HP: 19/19 MP: 6/9
  1569 | D:2      | Found a sparkling altar of Nemelex Xobeh.
  1569 | D:2      | Found an opulent altar of Gozag.
  1639 | D:2      | Learned a level 3 spell: Conjure Flame
  2522 | D:2      | Reached XP level 4. HP: 24/24 MP: 7/10
  3479 | D:3      | Found a bloodstained altar of Trog.
  3496 | D:3      | Reached XP level 5. HP: 28/28 MP: 8/11
  4219 | D:3      | Reached skill level 5 in Fire Magic
  4391 | D:3      | Noticed Ijyb
  4398 | D:3      | Killed Ijyb
  4398 | D:3      | Reached skill level 5 in Conjurations
  4511 | D:3      | HP: 1/28 [orc wizard/puff of flame (5)]
  4515 | D:3      | Reached XP level 6. HP: 2/32 MP: 5/13
  5021 | D:4      | Noticed Juudaz's ghost (amateur DsAK)
  5143 | D:3      | Learned a level 4 spell: Sticky Flame
  5380 | D:4      | Reached skill level 6 in Spellcasting
  5642 | D:4      | Reached XP level 7. HP: 36/36 MP: 6/18
  5733 | D:5      | Entered Level 5 of the Dungeon
  5974 | D:4      | Found a staircase to the Ecumenical Temple.
  5984 | Temple   | Entered the Ecumenical Temple
  6029 | Temple   | Became a worshipper of Vehumet
  6524 | D:4      | Noticed a phantom
  6553 | D:4      | Killed a phantom
  6696 | D:4      | Noticed a phantom
  6728 | D:4      | Killed a phantom
  6732 | D:4      | Learned a level 2 spell: Throw Flame
  6936 | D:4      | Found a snail-covered altar of Cheibriados.
  7039 | D:4      | Killed Juudaz's ghost
  7198 | D:4      | Reached XP level 8. HP: 41/41 MP: 5/19
  8254 | D:4      | Found a blossoming altar of Fedhas.
  8273 | D:4      | Noticed an oklob plant
  8524 | D:5      | Reached skill level 7 in Fire Magic
  8622 | D:5      | Learned a level 5 spell: Fireball
  8898 | D:5      | Reached skill level 1 in Fighting
  9644 | D:6      | Found a shadowy altar of Dithmenos.
 10127 | D:7      | Noticed a slime creature
 10127 | D:7      | Noticed a slime creature
 10127 | D:7      | Noticed a slime creature
 10127 | D:7      | Noticed a slime creature
 10920 | D:7      | Noticed a slime creature
 10920 | D:7      | Noticed a slime creature
 10936 | D:6      | Annihilated by a very large slime creature

Action                   |  1- 3 |  4- 6 |  7- 9 || total
-------------------------+-------+-------+-------++-------
Melee: Unarmed           |     2 |       |       ||     2
       Whip              |    23 |    21 |       ||    44
       Mace              |       |       |    13 ||    13
 Cast: Flame Tongue      |    69 |   138 |   125 ||   332
       Conjure Flame     |     1 |     8 |    13 ||    22
       Sticky Flame      |       |       |    13 ||    13
       Throw Flame       |       |       |    11 ||    11
       Fireball          |       |       |     1 ||     1
  Use: Scroll            |     1 |       |    10 ||    11
       Potion            |       |     2 |     1 ||     3
  Eat: Chunk             |     4 |    10 |     6 ||    20
       Fruit             |       |     1 |       ||     1
       Bread ration      |       |       |     2 ||     2
       Royal jelly       |       |       |     1 ||     1
